 Dungeon Crawl Stone Soup version 0.20-a0-517-g5f97612 (webtiles) character file.

195454 AlphabetPasta the Covert (level 19, 0/110 HPs)
             Began as a Halfling Enchanter on Jan 23, 2017.
             Was the Champion of Ashenzari.
             Killed by the air
             ... invoked by a wind drake
              (20 damage)
             ... on level 2 of the Shoals on Jan 24, 2017.
             The game lasted 05:06:50 (41609 turns).

AlphabetPasta the Covert (Halfling Enchanter)      Turns: 41609, Time: 05:06:52

Health: 0/110      AC: 12    Str:  9    XL:     19   Next: 3%
Magic:  32/34      EV: 28    Int: 17    God:    Ashenzari [******]
Gold:   2186       SH: 14    Dex: 24    Spells: 17/40 levels left

rFire    . . .     SeeInvis +   i - +5 dagger (venom) (curse)
rCold    + . .     Gourm    .   k - +2 robe {rC+}
rNeg     . . .     Faith    .   v - +2 buckler {AC+3} (curse)
rPois    .         Spirit   .   Y - +0 helmet
rElec    .         Reflect  +   U - +2 cloak
rCorr    .         Harm     .   o - +0 pair of gloves
MR       +....     Clarity  +   (no boots)
Stlth    ++++++....             K - +3 amulet of reflection (curse)
Regen    0.3/turn               T - +5 ring of dexterity (curse)
                                X - ring of flight

@: about to teleport, flying, studying Translocations, repel missiles
A: mutation resistance 1
}: 1/15 runes: gossamer
a: Curse Item, Scrying, Transfer Knowledge, Renounce Religion, Stop Flying


You were on level 2 of the Shoals.
You worshipped Ashenzari.
Ashenzari was exalted by your worship.
You were hungry.

You visited 6 branches of the dungeon, and saw 29 of its levels.
You also visited: Labyrinth, Sewer and Ossuary.

You collected 2705 gold pieces.
You spent 519 gold pieces at shops.

Inventory:

Hand Weapons
 i - a cursed +5 dagger of venom (weapon)
 B - a +4 rapier of electrocution
Armour
 k - a +2 robe of cold resistance (worn)
 o - a +0 pair of gloves (worn)
 v - a cursed +2 buckler of protection (worn)
 U - a +2 cloak (worn)
 Y - a +0 helmet (worn)
Jewellery
 G - an uncursed ring of poison resistance
 K - a cursed +3 amulet of reflection (around neck)
 M - an uncursed amulet of magic regeneration
 S - an uncursed ring of protection from fire
 T - a cursed +5 ring of dexterity (right hand)
 X - a ring of flight (left hand)
Wands
 c - a wand of acid (4/15)
 e - a wand of random effects (17/48)
 m - a wand of acid (0/15)
 y - a wand of lightning (11/15)
 D - a wand of digging (7/24)
 E - a wand of disintegration (23/24)
 I - a wand of flame (1/48)
 Q - a wand of scattershot (0/9)
 V - a wand of iceblast (0/15)
Scrolls
 a - 3 scrolls of magic mapping
 f - 6 scrolls of remove curse
 j - 13 scrolls of identify
 l - 5 scrolls of teleportation
 n - a scroll of summoning
 F - 7 scrolls of fog
 N - 3 scrolls of fear
 W - 7 scrolls of recharging
Potions
 b - 3 potions of magic
 g - 11 potions of curing
 q - 2 potions of might
 r - 3 potions of flight
 s - 2 potions of resistance
 t - 7 potions of agility
 u - a potion of cure mutation
 w - 3 potions of cancellation
 C - a potion of brilliance
 J - 3 potions of ambrosia
Books
 p - a book of Conjurations

   Spells                             Type                      Level
   a - Magic Dart                     Conjuration                  1
   b - Searing Ray                    Conjuration                  2
   c - Dazzling Spray                 Conjuration/Hexes            3
   d - Fulminant Prism                Conjuration/Hexes            4
   e - Iskenderun's Mystic Blast      Conjuration                  4
   f - Iskenderun's Battlesphere      Conjuration/Charms           5
 L - a manual of Translocations
Comestibles
 d - 13 bread rations
 h - 4 chunks of flesh
 z - 6 royal jellies
 A - 8 meat rations
 H - 5 fruits


   Skills:
 - Level 4.2 Fighting
 + Level 13.5(17.5) Short Blades
 + Level 12.1 Dodging
 + Level 13.8 Stealth
 - Level 5.6(8.7) Shields
 * Level 11.3 Spellcasting
 + Level 6.1(9.2) Conjurations
 * Level 13.3(16.0) Hexes
 - Level 5.0(8.0) Charms
 * Level 12.7(15.3) Translocations
 - Level 5.0(8.0) Ice Magic
 - Level 5.1(8.1) Air Magic
 + Level 4.0(6.8) Evocations


You had 17 spell levels left.
You knew the following spells:

 Your Spells              Type           Power        Failure   Level  Hunger
a - Gell's Gravitas       Hex/Tloc       ######....   1%          3    None
b - Ensorcelled Hibernat  Hex/Ice        ######       1%          2    None
c - Confuse               Hex            ######..     1%          3    None
d - Dazzling Spray        Conj/Hex       ######       1%          3    None
e - Repel Missiles        Chrm/Air       #####.       1%          2    None
f - Metabolic Englaciati  Hex/Ice        ######....   1%          5    #####..
g - Yara's Violent Unrav  Hex/Tmut       #####.....   10%         5    #####..


Dungeon Overview and Level Annotations

Branches:
Dungeon (15/15)            Temple (1/1) D:6            Lair (5/6) D:9
 Shoals (2/4) Lair:4       Spider (4/4) Lair:4        Slime (0/5) Lair:5
    Orc (2/2) D:11            Elf (0/3) Orc:2        Vaults (0/5) D:13
 Depths (0/5) D:15

Altars:
Ashenzari
Cheibriados
Dithmenos
Elyvilon
Fedhas
Gozag
Hepliaklqana
Kikubaaqudgha
Makhleb
Nemelex Xobeh
Okawaru
Qazlal
Ru
Sif Muna
Trog
Uskayaw
Vehumet
Xom
Yredelemnul
Zin
The Shining One
Beogh
Jiyva

Shops:
D:7 (   Orc:2 ?%=[=

Annotations:
D:2 1 exclusion
D:14 exclusion: orange crystal statue
Shoals:1 exclusion: Roxanne, Roxanne


Innate Abilities, Weirdness & Mutations

You are small and have problems with some larger weapons.
You are somewhat resistant to further mutation.


Message History

The water elemental completely misses you. x2
The wind drake flaps its wings at you. The air twists around and strikes you!
A water elemental comes into view.
As you read the scroll of teleportation, it crumbles to dust.
You feel strangely unstable.
The merfolk aquamancer gestures wildly while chanting.
The merfolk aquamancer blinks!
The water elemental completely misses you.
The wind drake flaps its wings at you. The air twists around and strikes you!
* * * LOW HITPOINT WARNING * * *
The water elemental misses you.
You feel very buoyant.
You fly up into the air.
You are feeling hungry.
The water elemental misses you. The wind drake flaps its wings at you.
The air twists around and violently strikes you in flight!
You die...

≈ , ≈≈ ≈≈ ≈ ≈ ≈ ≈≈ , ,*
≈≈≈≈≈≈≈≈≈≈≈≈≈≈≈≈≈≈ ,* * ≈≈
≈≈≈≈≈≈≈≈≈≈≈≈≈≈≈≈≈≈≈≈≈ ≈
..≈≈≈≈≈≈≈≈≈≈≈≈≈≈≈≈≈≈≈ ≈ ,,
,
,,..≈≈≈≈≈≈≈≈≈≈≈≈≈≈≈≈≈≈≈≈≈
≈≈ ,, ,
.≈≈≈≈≈≈≈≈≈≈≈≈≈≈≈≈≈≈≈≈≈≈ ≈
≈ ,,
..≈≈≈≈≈≈≈≈≈≈≈§≈≈≈≈≈≈≈≈≈ ≈≈
≈≈ ,
..≈≈≈≈≈≈≈≈≈≈≈≈≈≈≈≈≈≈≈≈ ≈ ,
,, $.≈≈≈P≈PP≈≈..@k..≈§≈≈≈
, ≈≈
,,.≈P≈≈≈≈PP≈..E.E..≈≈≈≈≈ ≈
....≈PP.≈.........≈≈≈. , ≈
≈, *
.###.$.m.%.......≈≈≈≈, ,≈≈
, , ,
#...[...PP..P....≈≈≈≈≈ ≈ ,
#...##............≈≈≈≈ ≈ ,
****#..,,###.........E≈≈≈≈
, ,, ,#..∆,,
*##...[..#..P≈≈ , , ≈, *
,.. ≈≈ , ##.......≈≈≈≈ , *
,,,


You could see a merfolk impaler (fleeing), a wind drake and 3 water elementals.

Vanquished Creatures
  Mara (Spider:4)
  Nikola (Spider:1)
  Arachne (Spider:4)
  Rupert (Lair:5)
  A kraken (Shoals:1)
  Gastronok (D:11)
  9 emperor scorpions
  3 ghost moths (Spider:4)
  2 entropy weavers
  2 spark wasps
  Snorg (D:13)
  A minotaur (Lab)
  A merfolk impaler (Shoals:1)
  The ghost of kaffiene the Basher, a journeyman TrBe of Trog (D:13)
  3 vault guards (D:13)
  Erolcha (Orc:1)
  2 hydras (D:15)
  A great orb of eyes (D:15)
  2 catoblepae
  A merfolk avatar (Shoals:1)
  4 centaur warriors
  6 ogre magi
  3 merfolk aquamancers
  25 two-headed ogres
  2 tengu warriors
  Urug (D:14)
  The ghost of RexxRaptorr the Martial Artist, a novice OpTm of Okawaru (Lair:1)
  Nergalle (D:10)
  3 sea snakes (Shoals:1)
  An unseen horror (Lab)
  6 orc knights
  3 harpies (Shoals:1)
  2 deep elf magi (D:15)
  2 wizards (D:13)
  30 wolf spiders
  An orc sorcerer (Orc:1)
  2 oklob plants (Lair:1)
  4 fauns (Shoals:1)
  21 orb spiders
  5 cyclopes
  10 manticores
  15 ugly things
  A salamander (D:15)
  11 elephants
  A moth of wrath (Spider:4)
  A black mamba (Lair:3)
  4 merfolk sirens
  A water nymph (Shoals:1)
  The ghost of Asddderdsw the Magician, a novice DrAE (D:6)
  3 kobold demonologists
  6 yaktaurs
  3 spiny frogs
  4 komodo dragons
  9 demonic crawlers
  35 jumping spiders
  A tengu conjurer (D:15)
  7 trolls
  A harpy zombie (D:15)
  8 merfolk (Shoals:1)
  2 wind drakes (Shoals:1)
  A polar bear (Lair:4)
  5 hornets
  6 slime creatures
  2 snapping turtles
  7 hippogriffs
  8 blink frogs (Lair:3)
  9 dream sheep
  30 tarantellas
  3 wyverns
  78 redbacks
  A water elemental (D:14)
  3 shadows
  2 basilisks
  3 wraiths
  19 yaks
  Grum (D:11)
  18 humans
  A golden eye (shapeshifter) (D:15)
  4 hungry ghosts
  2 steam dragons
  3 vampire mosquitoes (D:13)
  Menkaure (D:7)
  5 wargs
  An acid dragon (D:14)
  12 water moccasins
  5 porcupines
  A floating eye (D:11)
  26 orc warriors
  8 ice beasts
  2 phantoms
  6 wolves
  A black bear (D:10)
  44 ogres
  An eye of draining (D:13)
  9 centaurs
  7 crocodiles
  14 boggarts
  3 big kobolds
  20 bullfrogs
  A wyvern zombie (D:7)
  A wyvern skeleton (D:7)
  3 water moccasin zombies
  3 scorpions
  14 wights
  6 electric eels
  4 howler monkeys
  10 crimson imps
  6 hounds
  3 bullfrog zombies
  19 orc priests
  Crazy Yiuf (D:7)
  23 orc wizards
  5 centaur skeletons
  5 iguanas
  Terence (D:3)
  14 worker ants
  A killer bee zombie (D:6)
  A big kobold zombie (Ossuary)
  A hound zombie (D:11)
  A hound skeleton (D:4)
  2 mummies (Ossuary)
  A worker ant zombie (D:7)
  16 gnolls
  15 adders
  An adder skeleton (D:8)
  4 adder zombies
  A worm (D:2)
  2 dart slugs (D:1)
  6 leopard geckos
  108 orcs
  9 bats
  12 giant cockroaches
  6 goblins
  7 hobgoblins
  9 jackals
  5 quokkas
  3 ball pythons (Sewer)
  4 frilled lizards
  4 gnoll zombies (Ossuary)
  7 hobgoblin zombies (Ossuary)
  A jackal skeleton (D:4)
  25 kobolds
  7 kobold zombies (Ossuary)
  4 orc zombies (Ossuary)
  A quokka skeleton (D:4)
  3 quokka zombies
  9 rats
  A rat zombie (D:6)
  A butterfly (D:4)
  A plant (Shoals:1)
1053 creatures vanquished.

Vanquished Creatures (others)
  A cyclops (D:15)
  A centaur (D:15)
  A bush (D:15)
  3 fungi
  5 plants
11 creatures vanquished.

Grand Total: 1064 creatures vanquished

Notes
Turn   | Place    | Note
-------+----------+-------------------------------------------
     0 | D:1      | AlphabetPasta the Halfling Enchanter began the quest for the Orb.
     0 | D:1      | Reached XP level 1. HP: 11/11 MP: 3/3
   373 | D:1      | Reached XP level 2. HP: 11/17 MP: 2/4
   389 | D:1      | Learned a level 2 spell: Ensorcelled Hibernation
   579 | D:1      | Reached XP level 3. HP: 12/21 MP: 0/5
  1463 | D:2      | Found a bloodstained altar of Trog.
  1565 | D:2      | Reached XP level 4. HP: 5/27 MP: 1/6
  1570 | D:2      | Found a bloodstained altar of Trog.
  1945 | D:2      | Learned a level 3 spell: Confuse
  2033 | D:2      | Reached skill level 1 in Ice Magic
  2382 | D:3      | Reached XP level 5. HP: 31/31 MP: 3/7
  2553 | D:3      | Noticed Terence
  2955 | D:3      | Reached XP level 6. HP: 34/36 MP: 9/9
  4059 | D:3      | Killed Terence
  4150 | D:3      | Found a radiant altar of Vehumet.
  4463 | D:4      | Found a stormy altar of Qazlal.
  4465 | D:4      | Noticed a water elemental
  4466 | D:4      | Noticed an air elemental
  4466 | D:4      | Noticed a fire elemental
  4506 | D:4      | Learned a level 3 spell: Dazzling Spray
  4550 | D:4      | Found a glowing drain.
  4554 | Sewer    | Entered a sewer
  5019 | Sewer    | Reached XP level 7. HP: 41/41 MP: 0/10
  5920 | D:4      | Reached skill level 1 in Conjurations
  6137 | D:4      | Found a shimmering altar of Xom.
  6191 | D:4      | Reached XP level 8. HP: 46/46 MP: 3/12
  6366 | D:4      | You fall through a shaft for 3 floors!
  6595 | D:7      | Reached skill level 5 in Stealth
  6595 | D:7      | Reached skill level 5 in Hexes
  7186 | D:6      | Reached XP level 9. HP: 33/51 MP: 10/13
  7199 | D:6      | Found a staircase to the Ecumenical Temple.
  7250 | D:6      | Found a sand-covered staircase.
  7272 | Ossuary  | Entered an ossuary
  7579 | Ossuary  | Reached skill level 5 in Dodging
  7964 | Temple   | Entered the Ecumenical Temple
  8014 | Temple   | Became a worshipper of Ashenzari the Shackled
  8076 | D:5      | Entered Level 5 of the Dungeon
  8093 | D:5      | Reached skill level 5 in Short Blades
  8333 | D:4      | Learned a level 2 spell: Repel Missiles
  8936 | D:5      | Found a blossoming altar of Fedhas.
  8937 | D:5      | Found an ancient bone altar of Kikubaaqudgha.
  9038 | D:6      | Reached skill level 1 in Charms
  9180 | D:6      | Found a hide-covered altar of Uskayaw.
  9181 | D:6      | Found an opulent altar of Gozag.
  9230 | D:6      | Noticed Asddderdsw's ghost (novice DrAE)
 10008 | D:6      | Killed Asddderdsw's ghost
 10084 | D:6      | Reached XP level 10. HP: 56/56 MP: 12/15
 10474 | D:7      | Got the quarterstaff of Perfectionism {crush, rElec Str+4 Int+2}
 10617 | D:7      | Found Ozoafia's Antique Weapon Shoppe.
 10619 | D:7      | Noticed Menkaure
 10626 | D:7      | Killed Menkaure
 10626 | D:7      | Reached skill level 1 in Air Magic
 10706 | D:7      | Found a runed door.
 10711 | D:7      | Noticed Crazy Yiuf
 10715 | D:7      | Killed Crazy Yiuf
 11063 | D:6      | Found a hazy altar of Hepliaklqana.
 11092 | D:8      | Noticed a two-headed ogre
 11095 | D:8      | Killed a two-headed ogre
 12233 | D:8      | Found a deep blue altar of Sif Muna.
 12563 | D:9      | Found a sparkling altar of Nemelex Xobeh.
 12789 | D:9      | Found a staircase to the Lair.
 12987 | D:9      | Reached * piety under Ashenzari
 13347 | D:10     | Entered Level 10 of the Dungeon
 13378 | D:10     | Noticed Nergalle
 13386 | D:10     | Killed Nergalle
 13386 | D:10     | Reached XP level 11. HP: 61/61 MP: 17/17
 13449 | D:10     | Noticed a two-headed ogre
 13529 | D:10     | Killed a two-headed ogre
 14225 | D:11     | Noticed a brown ugly thing
 14229 | D:11     | Reached skill level 5 in Spellcasting
 14264 | D:10     | Killed a purple ugly thing
 14310 | D:11     | Noticed Gastronok
 14313 | D:11     | Found a labyrinth entrance.
 14322 | Lab      | Entered a labyrinth
 14526 | Lab      | Killed an unseen horror
 14574 | Lab      | Noticed a minotaur
 14577 | Lab      | Killed a minotaur
 14579 | Lab      | Identified the cursed ring of the Distant Future {rC+ Dex-4 SInv}
 14941 | D:11     | Killed Gastronok
 15217 | D:11     | Reached XP level 12. HP: 60/66 MP: 0/20
 15311 | D:11     | Found a staircase to the Orcish Mines.
 15529 | D:11     | Noticed Grum
 15797 | D:11     | Noticed a two-headed ogre
 15830 | D:11     | Killed a two-headed ogre
 16014 | D:11     | Killed Grum
 16654 | D:11     | Reached ** piety under Ashenzari
 17619 | D:12     | Found a shattered altar of Ashenzari.
 18230 | D:12     | Reached skill level 10 in Stealth
 18614 | Lair:1   | Entered Level 1 of the Lair of Beasts
 18728 | Lair:1   | Noticed RexxRaptorr's ghost (novice OpTm)
 18886 | Lair:1   | Identified the +8 quarterstaff of Perfectionism {crush, rElec Str+4 Int+2} (You took it off a crimson imp on level 7 of the Dungeon)
 18960 | Lair:1   | Killed RexxRaptorr's ghost
 18960 | Lair:1   | Reached XP level 13. HP: 60/71 MP: 12/22
 20236 | Lair:2   | Reached skill level 1 in Shields
 20434 | Lair:2   | Reached *** piety under Ashenzari
 20624 | Lair:2   | Reached skill level 10 in Hexes
 21343 | Lair:3   | Reached skill level 10 in Short Blades
 21714 | Lair:4   | Reached **** piety under Ashenzari
 21973 | Lair:4   | Found a hole to the Spider Nest.
 22609 | Lair:4   | Noticed a catoblepas
 22652 | Lair:4   | Killed a catoblepas
 22792 | Lair:4   | Found a staircase to the Shoals.
 23144 | Lair:5   | Noticed Rupert
 23250 | Lair:5   | Killed Rupert
 23250 | Lair:5   | Reached XP level 14. HP: 76/76 MP: 17/25
 23333 | Lair:5   | Found a runed door.
 23335 | Lair:5   | Found a viscous altar of Jiyva.
 23337 | Lair:5   | Found a staircase to the Slime Pits.
 23337 | Lair:5   | Noticed an acid blob
 23338 | Lair:5   | Noticed an acid blob
 23593 | Lair:5   | Reached ***** piety under Ashenzari
 24416 | Orc:1    | Entered Level 1 of the Orcish Mines
 24416 | Orc:1    | Noticed Erolcha
 24418 | Orc:1    | Killed Erolcha
 25120 | Orc:2    | Entered Level 2 of the Orcish Mines
 25764 | Orc:1    | Reached skill level 10 in Dodging
 26183 | Orc:1    | Reached skill level 5 in Shields
 26495 | Orc:1    | Reached XP level 15. HP: 30/81 MP: 21/27
 27029 | Orc:2    | Found Sasoaxoh's Jewellery Shoppe.
 27030 | Orc:2    | Found Daskipn's Magic Scroll Shop.
 27030 | Orc:2    | Found Vorhacoe's Food Shoppe.
 27030 | Orc:2    | Found Keng's Antique Armour Boutique.
 27049 | Orc:2    | Bought a scroll of blinking for 82 gold pieces
 27049 | Orc:2    | Bought a scroll of magic mapping for 38 gold pieces
 27049 | Orc:2    | Bought a scroll of remove curse for 33 gold pieces
 27049 | Orc:2    | Bought a scroll of teleportation for 33 gold pieces
 27049 | Orc:2    | Bought a scroll of teleportation for 33 gold pieces
 27090 | Orc:2    | Found a staircase to the Elven Halls.
 27090 | Orc:2    | Found Xytyxul's Jewellery Boutique.
 27093 | Orc:2    | Found a roughly hewn altar of Beogh.
 27120 | Orc:2    | Bought an uncursed ring of poison resistance for 300 gold pieces
 27208 | Orc:2    | Reached skill level 5 in Charms
 27810 | D:13     | Noticed Snorg
 27826 | D:13     | Killed Snorg
 27903 | D:13     | Noticed kaffiene's ghost (journeyman TrBe)
 27969 | D:13     | Killed kaffiene's ghost
 28203 | D:13     | Reached skill level 1 in Fighting
 28608 | D:13     | Found a gate to the Vaults.
 28855 | D:13     | Identified a scroll of acquirement
 28856 | D:13     | Got the cursed pair of gloves "Viogidea" {Regen+ rCorr Dex-3}
 29732 | D:14     | Noticed Urug
 29741 | D:14     | Killed Urug
 29823 | D:14     | Reached skill level 5 in Ice Magic
 30350 | D:14     | Learned a level 3 spell: Gell's Gravitas
 30411 | D:15     | Entered Level 15 of the Dungeon
 30511 | D:14     | Reached skill level 1 in Translocations
 30521 | D:15     | Reached XP level 16. HP: 75/91 MP: 26/29
 31455 | D:15     | Found a white marble altar of Elyvilon.
 32256 | D:15     | Reached skill level 5 in Translocations
 32871 | D:15     | Upgraded the game from 0.20-a0-513-g02c11fc to 0.20-a0-516-ge079137
 33072 | D:15     | Found a staircase to the Depths.
 33378 | Spider:1 | Entered Level 1 of the Spider Nest
 33378 | Spider:1 | Noticed Nikola
 33384 | Spider:1 | Killed Nikola
 33750 | Spider:1 | Reached skill level 5 in Air Magic
 34166 | Spider:1 | Reached XP level 17. HP: 31/99 MP: 7/30
 34290 | Spider:1 | Reached skill level 10 in Spellcasting
 35235 | Spider:2 | Upgraded the game from 0.20-a0-516-ge079137 to 0.20-a0-517-g5f97612
 36320 | Spider:4 | Entered Level 4 of the Spider Nest
 36328 | Spider:3 | Reached skill level 5 in Conjurations
 36573 | Spider:2 | Reached skill level 10 in Translocations
 36743 | Spider:4 | Noticed Mara
 36747 | Spider:4 | Killed Mara
 36747 | Spider:4 | Reached skill level 1 in Evocations
 36763 | Spider:4 | Noticed Arachne
 36858 | Spider:4 | Killed Arachne
 36985 | Spider:4 | Reached XP level 18. HP: 106/106 MP: 20/32
 39409 | Spider:4 | Got a gossamer rune of Zot
 40178 | Lair:4   | Learned a level 5 spell: Metabolic Englaciation
 40179 | Shoals:1 | Entered Level 1 of the Shoals
 40709 | Shoals:1 | Learned a level 5 spell: Yara's Violent Unravelling
 40772 | Shoals:1 | Reached ****** piety under Ashenzari
 40947 | Shoals:1 | Noticed a kraken
 40966 | Shoals:1 | Killed a kraken
 41034 | Shoals:1 | Noticed Roxanne
 41258 | Shoals:1 | Reached XP level 19. HP: 37/110 MP: 17/34
 41609 | Shoals:2 | Killed from afar by a wind drake

Vault maps used:
D:1:      minmay_arrival_split_and_join
D:2:      lemuel_crystal_altar, first_bread, trog_book
D:3:      cheibrodos_helix_gallery, lemuel_crystal_altar, uniq_terence
D:4:      xom_butterflies, nicolae_qazlal_style_of_elements,
          lightli_sewer_entry_pipes
D:5:      grunt_temple_overflow_growth_and_decay, supply_closet_lemuel
D:6:      gammafunk_temple_overflow_pools, nicolae_overflow_hidden_temple,
          minmay_temple_entry_glassed_door, enter_ossuary_4, minmay_misc_feat_x
D:7:      serial_shops, shop, minmay_statues_item, uniq_menkaure,
          uniq_crazy_yiuf_cottage
D:8:      lemuel_doored_altar
D:9:      nemelex_xobeh_ov_fountains_minmay, lair_entry_dummy,
          blue_anna_alchemist
D:10:     uniq_nergalle
D:11:     david_orc_3, serial_corexii_hall, corexii_hall_statues_t,
          corexii_hall_statues_x, lab_entry_generic, onia_ninara_cookie,
          uniq_gastronok, uniq_grum
D:12:     kennysheep_spiral_hall, nicolae_ashenzari_panopticon
D:13:     grunt_vaults_entry_tiered, serial_corexii_hall,
          corexii_hall_statues_deadend, corexii_hall_statues_i, uniq_snorg
D:14:     statuecave_lemuel, nicolae_two_hexagons, uniq_urug
D:15:     hangedman_depths_entry_try_elsewhere_first, serial_park_gazebo,
          basic_altar
Temple:   jpeg_temple_alley_garden
Lair:1:   serial_bayou_shore_a, grunt_megastairs_2, minmay_lair_oklob_chamber
Lair:2:   minmay_hedge_maze
Lair:3:   ldierk_geyser, small_statue_intersection,
          nicolae_quartered_pool_medium
Lair:4:   minmay_shoals_entry_hut, spider_nest_entry_webs
Lair:5:   slime_altar_2, beast_lair_carwin_2, uniq_rupert
Shoals:1: uniq_roxanne
Shoals:2: nicolae_shoals_aquamancer_cove
Spider:1: uniq_nikola
Spider:4: grunt_spider_rune_circles, uniq_arachne, uniq_mara
Orc:1:    lightli_orcish_oven, uniq_erolcha
Orc:2:    st_orc_ogre_mass, basic_altar, serial_shops, shop
Lab:      nicolae_lab_stuck, nicolae_lab_do_over, nicolae_lab_big_swirl
Sewer:    kennysheep_pipe_town
Ossuary:  ossuary_tomb_2

Skill      XL: |  1  2  3  4  5  6  7  8  9 10 11 12 13 14 15 16 17 18 |
---------------+-------------------------------------------------------+-----
Hexes          | 3 4 5 6 7 8 9 10 11 12 13 | 13.3
Short Blades   | 2 3 4 5 7 8 9 10 11 12 13 | 13.5
Ice Magic      | 1 2 3 4 5 |  5.0
Dodging        | 3 4 5 6 7 8 9 10 11 12 | 12.1
Spellcasting   | 2 3 4 5 6 7 8 9 10 11 | 11.3
Stealth        | 4 5 6 7 9 10 11 12 13 | 13.8
Conjurations   | 1 2 3 4 5 6 |  6.1
Charms         | 2 3 4 5 |  5.0
Air Magic      | 2 3 4 5 |  5.1
Shields        | 3 5 |  5.6
Fighting       | 2 3 4 |  4.2
Translocations | 1 8 10 12 | 12.7
Evocations     | 2 4 |  4.0

Action                   |  1- 3 |  4- 6 |  7- 9 | 10-12 | 13-15 | 16-18 | 19-21 || total
-------------------------+-------+-------+-------+-------+-------+-------+-------++-------
Melee: Dagger            |   119 |   296 |   675 |   745 |   765 |   792 |     4 ||  3396
       Unarmed           |       |     2 |       |       |       |       |       ||     2
 Cast: Corona            |     7 |       |       |       |       |       |       ||     7
       Ensorcelled Hiber |     7 |    54 |    70 |    81 |   254 |   356 |     6 ||   828
       Confuse           |       |    11 |    43 |   106 |   105 |    99 |       ||   364
       Repel Missiles    |       |       |     2 |     4 |     2 |     1 |       ||     9
       Dazzling Spray    |       |       |       |     8 |    15 |    58 |     4 ||    85
Invok: Curse Item        |       |       |       |     3 |     1 |       |       ||     4
 Abil: Evoke Flight      |       |       |       |       |       |     7 |     1 ||     8
Evoke: Wand              |       |       |     3 |    10 |     9 |     9 |     5 ||    36
  Use: Scroll            |     4 |    10 |     7 |    15 |    14 |     9 |     2 ||    61
       Potion            |     1 |     2 |    11 |     5 |     4 |    10 |     1 ||    34
 Stab: Sleeping          |     8 |    44 |    38 |    71 |   186 |   223 |     4 ||   574
       Confused          |       |     7 |    31 |    49 |    57 |    70 |       ||   214
       Distracted        |       |       |       |     3 |     9 |     7 |       ||    19
       Invisible         |       |       |       |       |     5 |    25 |       ||    30
  Eat: Chunk             |     3 |    15 |    14 |    28 |    35 |    25 |     1 ||   121
       Meat ration       |       |     1 |     2 |     1 |       |       |       ||     4
       Fruit             |       |     1 |     1 |     6 |     8 |    10 |       ||    26
       Royal jelly       |       |       |       |     1 |       |       |       ||     1
Armor: Robe              |    10 |    59 |    61 |    68 |    61 |    92 |     1 ||   352
Dodge: Dodged            |    80 |   272 |   434 |   396 |   356 |   623 |    14 ||  2175
       Deflected         |       |       |     2 |     9 |     6 |     5 |       ||    22
Block: Other             |       |       |       |     2 |     9 |       |       ||    11
       Buckler           |       |       |       |       |   296 |   511 |    10 ||   817
       Reflection        |       |       |       |       |     4 |    24 |       ||    28
